 Dungeon Crawl Stone Soup version 0.28-a0-447-g1f95980246 (webtiles) character file.

Game seed: 1457428834891486420

74 Shayle the Insei (level 4, 0/34 HPs)
             Began as a Djinni Warper on Sept 13, 2021.
             Slain by a lemure (4 damage)
             ... led by Pikel
             ... on level 7 of the Dungeon.
             The game lasted 00:12:51 (4986 turns).

Shayle the Insei (Djinni Warper)                    Turns: 4986, Time: 00:12:52

Health: 0/34       AC:  6    Str: 10    XL:     4   Next: 52%
Gold:   119        EV: 11    Int: 15    God:
                   SH:  3    Dex: 13

rFire   + + .      SeeInvis .     - Unarmed
rCold   x . .      Faith    .   j - +0 buckler
rNeg    . . .      Spirit   .   a - +0 leather armour
rPois   ∞          Reflect  .   (no helmet)
rElec   .          Harm     .   h - +0 cloak
rCorr   .          Rampage  .   l - +1 pair of gloves
Will    .....                   (boots unavailable)
Stlth   +.........              (no amulet)
HPRegen 0.11/turn               (no ring)
MPRegen 0.00/turn               (no ring)

@: flying
A: sickness immunity, fire resistance 2, cold vulnerability 1, float, innate
caster, hp casting, extra vitality 1
a: no special abilities


You were on level 7 of the Dungeon.
You visited 1 branch of the dungeon, and saw 5 of its levels.

You collected 119 gold pieces.

Inventory:

Hand Weapons
 c - the +8 hunting sling "Naelafus" {vorpal, rPois rC++ Int+3}
   (You found it on level 4 of the Dungeon)

   Any ammunition fired from it inflicts extra damage upon your enemies.
   Int:       It affects your intelligence (+3).
   rC:        It greatly protects you from cold.
   rPois:     It protects you from poison.
Armour
 a - a +0 leather armour (worn)
 h - a +0 cloak (worn)
 j - a +0 buckler (worn)
 l - a +1 pair of gloves (worn)
Scrolls
 b - a scroll of blinking
 e - a scroll of noise
 k - 2 scrolls of identify
Potions
 f - a potion of degeneration


   Skills:
 + Level 2.7 Fighting
 - Level 0.7 Throwing
 - Level 1.0 Armour
 - Level 2.1 Dodging
 + Level 0.4 Shields
 * Level 3.3 Unarmed Combat
 + Level 2.8 Spellcasting


You couldn't memorise any spells.
You knew the following spells:

 Your Spells              Type           Power      Damage    Failure   Level
a - Blink                 Tloc           N/A        N/A       21%         2
b - Lesser Beckoning      Tloc           10%        N/A       38%         3
c - Gell's Gravitas       Tloc           5%         N/A       38%         3
d - Teleport Other        Tloc           10%        N/A       38%         3
e - Manifold Assault      Tloc           10%        N/A       98%         5
f - Freeze                Ice            40%        1d6       14%         1
Your spell library was empty.

Dungeon Overview and Level Annotations

Branches:
Dungeon (4/15)
 Temple: D:4-7

Altars:
Dithmenos
Kikubaaqudgha

Annotations:
D:2 Natasha, Terence
D:7 Pikel


Innate Abilities, Weirdness & Mutations

You are immune to sickness and miasma.
You are immune to poison.
Your flesh is very heat resistant. (rF++)
You are vulnerable to cold. (rC-)
You float through the air rather than walking.
You learn spells naturally, not from books.
Your magical power is your life essence.
You have superior vitality. (+4 HP)


Message History

The centaur hits you but does no damage.
The centaur kicks you but does no damage.
The lemure hits you but does no damage.
You hit the centaur.
The centaur is heavily wounded.
The centaur closely misses you.
The centaur kicks you but does no damage.
The lemure hits you but does no damage. The centaur hits you.
The centaur closely misses you.
You hit the centaur but do no damage.
The centaur is heavily wounded.
The centaur misses you. The centaur completely misses you.
The lemure hits you but does no damage.
You hit the centaur.
The centaur is severely wounded.
The centaur hits you but does no damage.
The centaur kicks you but does no damage.
The lemure hits you.
* * * LOW HITPOINT WARNING * * *
The centaur hits you.
* * * LOW HITPOINT WARNING * * *
The centaur completely misses you.
You feel better. The centaur hits you.
* * * LOW HITPOINT WARNING * * *
The centaur closely misses you. The lemure closely misses you.
You hit the centaur.
The centaur is almost dead.
The centaur hits you but does no damage.
The centaur kicks you but does no damage.
The lemure hits you.
* * * LOW HITPOINT WARNING * * *
The centaur barely misses you.
The centaur kicks you but does no damage.
Pikel says, "You'll feel the lick of my whip!"
You hit the centaur.
The centaur is almost dead.
The centaur hits you.
* * * LOW HITPOINT WARNING * * *
The centaur closely misses you. The lemure hits you.
You die...

#.#. #.# ######## #..#
#o# ...o. #g# .....##.#
.....o.Y# ...5....#
.....##.##
........o##########.#
......#.5O5YK55@c...#
######.#o#########....#
##.## #.. ##


You could see Pikel, an orc warrior, an ice beast, an ogre, 4 lemures, a centaur
and an orc.

Vanquished Creatures
  A howler monkey skeleton (D:2)
  An adder (D:2)
  A dart slug (D:2)
  2 orcs
  6 ball pythons
  4 bats
  3 endoplasms
  2 giant cockroaches
  4 hobgoblins
  4 jackals
  6 quokkas
  4 frilled lizards
  7 kobolds
  2 rats
47 creatures vanquished.

Vanquished Creatures (others)
  A fungus (D:2)
  A plant (D:2)
2 creatures vanquished.

Grand Total: 49 creatures vanquished

Notes
Turn   | Place    | Note
-------+----------+-------------------------------------------
     0 | D:1      | Shayle the Djinni Warper began the quest for the Orb.
     0 | D:1      | Reached XP level 1. HP: 18/18 MP: 0/0
   608 | D:1      | Reached XP level 2. HP: 22/23 MP: 0/0
  1217 | D:1      | You are sucked into a shaft and drop 1 floor!
  1309 | D:2      | Found a shadowy altar of Dithmenos.
  1347 | D:2      | Found a faded altar of an unknown god.
  1394 | D:2      | Reached XP level 3. HP: 17/29 MP: 0/0
  1394 | D:2      | Learned a level 1 spell: Freeze
  1890 | D:2      | Reached skill level 3 in Unarmed Combat
  2816 | D:2      | Noticed Terence
  3029 | D:2      | Reached XP level 4. HP: 31/34 MP: 0/0
  3057 | D:2      | Noticed Natasha
  4581 | D:4      | Noticed a necrophage
  4644 | D:4      | Identified the +8 hunting sling "Naelafus" {vorpal, rPois
                  | rC++ Int+3}
  4656 | D:4      | You are sucked into a shaft and drop 3 floors!
  4869 | D:7      | Noticed an orc warrior
  4877 | D:7      | Noticed an ice beast
  4877 | D:7      | Noticed an ogre
  4965 | D:7      | Noticed a lemure
  4966 | D:7      | Noticed Pikel
  4966 | D:7      | Noticed a lemure
  4966 | D:7      | Noticed a lemure
  4966 | D:7      | Noticed a lemure
  4974 | D:7      | Noticed a centaur
  4986 | D:7      | Slain by a lemure

Illustrated notes

Levels and vault maps discovered:
D:1:      dpeg_arrival_circle_labyrinth_c, layout_basic
D:2:      layout_basic, shapermc_ecumenical_altar_ellora, basic_altar,
          hex_intersection, uniq_natasha, uniq_terence
D:3:      layout_basic, mainiacjoe_overflow_24_doors
D:4:      layout_basic, serial_park_tiny_pond
D:7:      layout_loops_ring, mainiacjoe_overflow_surrounded_room,
          minmay_three_doors, uniq_pikel, uniq_prince_ribbit1

Skill      XL: |  1  2  3 |
---------------+----------+-----
Unarmed Combat | 3 |  3.3
Fighting       | |  2.7
Throwing       | |  0.7
Armour         | |  1.0
Dodging        | |  2.1
Shields        | |  0.4
Spellcasting   | |  2.8

Action                   |  1- 3 |  4- 6 || total
-------------------------+-------+-------++-------
Melee: Unarmed           |   191 |   122 ||   313
       Punch             |     2 |       ||     2
Throw: Boomerang         |       |    10 ||    10
 Cast: Blink             |       |     2 ||     2
       Freeze            |       |     1 ||     1
       Gell's Gravitas   |       |     1 ||     1
  Use: Scroll            |     1 |     5 ||     6
       Potion            |       |     2 ||     2
Armor: Leather armour    |    48 |    50 ||    98
Dodge: Dodged            |   107 |    92 ||   199
Block: Buckler           |       |    29 ||    29

Table legend: (Time is in decaauts)
 A = Elapsed time spent in this place.
 B = Non-inter-level travel time spent in this place.
 C = Inter-level travel time spent in this place.
 D = Time resting spent in this place.
 E = Time spent auto-exploring this place.
 F = Levels seen in this place.
 G = Mean time per level.
                   A        B        C        D        E       F      G
               +--------+--------+--------+--------+--------+-----+--------+
         Total |   4985 |   4898 |     87 |   1121 |   2890 |   5 |  997.0 |
       Dungeon |   4985 |   4898 |     87 |   1121 |   2890 |   5 |  997.0 |
               +--------+--------+--------+--------+--------+-----+--------+

Top non-repeatable levels by time:
     D:1: 2203 daAuts
     D:3: 1188 daAuts
     D:2: 946 daAuts
     D:7: 329 daAuts
     D:4: 316 daAuts
